Morsh, chaotic male human Rogue ---------------- ------- ##|..............| #....`.| -------- ---------- # |..........|...|# ## |.....| |...`...#####|..{.....| ####.......#.......|#######......| |......| #|.......<| ####-----------.----# ### |..(..| |......|#####|........-###)##[### ###### # ------- |......| #|........| #### # ### ## |......| #--.------- #### # # # -------- ################## # # ### # # #####)[#######I######## # # ## # # ------.-----# -----|--- -.----.--### |.......(..|# |.......| |........# |..........|# |......>| |.......|# |.........>|# |.......| |.......-# |..........|# |.....{.| --------- |..........|#########-.......| ------------ --------- Morsh the Cutpurse Experience level: 5 Strength: 14 Dexterity: 18 Constitution: 16 Intelligence: 10 Wisdom: 10 Charisma: 9 Health: 0(44) Energy: 18(18) Def: 0 Gold: 371 Moves: 2102 Dungeon seed: 5QZjPPiAEpMrwOg6 Game ID: Morsh_1538421595 Your Inventory: Coins $ - 371 gold pieces Weapons a - a +1 short sword (weapon in hand) b - 8 +0 daggers (in quiver) r - a +0 sling t - 9 +0 darts Potions c - an uncursed potion of sickness Rings h - an uncursed ring of polymorph control Tools d - an uncursed lock pick f - an uncursed sack g - an uncursed magic lamp j - an uncursed bell Gems n - an uncursed worthless piece of black glass q - an uncursed worthless piece of yellow glass Spells and supernatural/magical abilities: Name Level Category Fail Memory W - pray for help -- divine ? -- Your skills at the end: Fighting Skills Weapon Skills dagger [Basic] short sword [Basic] Spellcasting Skills Final Attributes: You were piously aligned. You were stealthy. You are dead. Vanquished creatures: a gnome king a gnome lord a kitten 2 dwarves a kobold lord a gas spore a hobbit 4 manes a large kobold a giant rat 2 cave spiders 6 gnomes a gnome zombie 4 geckos a jackal a kobold 5 goblins 2 sewer rats 6 grid bugs 3 lichens a kobold zombie 4 newts 50 creatures vanquished. Voluntary challenges: You were an atheist. You used a wielded weapon 38 times, starting on turn 71. You read items or engraved 7 times, starting on turn 972. You never genocided any monsters. You never polymorphed an object. You never changed form. You used no wishes. You never split a pudding. You never wrote Elbereth's name. You never violated your personal moral code. Dungeon overview: The Dungeons of Doom: levels 1 to 4 Level 1 some fountains a long staircase Level 2 <- You were here some fountains, a sink stairs to The Gnomish Mines Level 3 Level 4 a fountain The Gnomish Mines: Level 3 stairs to The Dungeons of Doom History has recorded: On T:1 you entered the Dungeons of Doom to retrieve the Amulet of Yendor! On T:332 you reached level 2 of The Dungeons of Doom. On T:442 you advanced to experience level 2. On T:574 you reached level 1 of The Gnomish Mines. On T:619 you advanced to experience level 3. On T:670 you advanced to experience level 4. On T:1001 you reached level 3 of The Dungeons of Doom. On T:1386 you reached level 4 of The Dungeons of Doom. On T:1754 you advanced to experience level 5. Score breakdown: Gold: 371 ( 8744 points) Experience: 5 levels (11141 points) Exploration: 4 levels ( 7.69%) ( 7276 points) Discoveries: 4 items ( 1.34%) ( 3475 points) Valuables value: (no points given unless you survive) Artifact value: 0 ( 0 points) Variety of kills: 22 monsters ( 5.77%) ( 7208 points) Turncount: 2102 turns ( -74 points) Survival: died (score multiplied by 80%) Total score: 30216 Latest messages: You come to. You resume your meal. You stop eating. You faint from lack of food. You come to. You faint from lack of food. You come to. You faint from lack of food. You come to. You faint from lack of food. You come to. You resume your meal. You stop eating. You faint from lack of food. Your goblin corpse rots away. You come to. You faint from lack of food. It bites! (12x) You come to. You faint from lack of food. It bites! (19x) You die... The sack is empty. Final status: Goodbye Morsh the Rogue, killed by a jackal, while fainted from lack of food... You died in The Dungeons of Doom on dungeon level 2 with 30216 points, and 371 pieces of gold, after 2102 moves. You were level 5 with a maximum of 44 hit points when you died.